AoeStats
← Shutokayte

Black Forest

507918491Analyzed
4v4 RM · 11d ago on Sep 20, 2026· 69m 4s· 8 players
Game mode
Random Map
Map size
Large (8 player)
Population
200
Speed
Normal
Resources
Standard
Victory
Conquest
Starting age
Dark Age
Ending age
Imperial Age
RankedLock teamsTeams togetherTeam positionsShared explorationLock speedFull tech treeHidden civsTurbo modeCheats
Victory
Defeat
🇲🇽 Dravidians · Mexico
558
+14
🇨🇳 Persians · China
519
+16
🇲🇽 Khmer · Mexico
501
+17
🇺🇸 Romans · United States
484
+17
🇷🇴 Aztecs · Romania
568
-18
🇮🇹 Mongols · Italy
548
-17
🇵🇪 Aztecs · Peru
489
-15
🇧🇷 Japanese · Brazil
467
-14
Porowy
0:33 Loom
10:36 Feudal Age
12:14 Wheelbarrow
11:28 Town Watch
17:12 Horse Collar
23:50 Castle Age
30:47 Heavy Plow
37:22 Imperial Age
35:01 Double-Bit Axe
35:10 Gold Mining
36:01 Fortified Wall
36:50 Hand Cart
39:04 Chemistry
38:35 Town Patrol
39:31 Crop Rotation
39:35 Bow Saw
40:54 Caravan
42:03 Gold Shaft Mining
41:19 Stone Mining
42:49 Forging
42:46 Scale Barding Armor
42:58 Siphons
43:28 Ballistics
45:16 Murder Holes
47:37 Elite Battle Elephant
49:40 Iron Casting
49:32 Chain Barding Armor
50:15 Bloodlines
50:07 Husbandry
50:22 Tusk Swords
56:09 Plate Barding Armor
57:43 Heated Shot
58:07 Masonry
58:05 Siege Engineers
57:54 Guard Tower
61:23 Blast Furnace
65:49 Fletching
66:00 Padded Archer Armor
66:02 Scale Mail Armor
66:39 Architecture
68:19 Keep
67:51 Bodkin Arrow
68:13 Leather Archer Armor
EPYON182
1:25 Loom
15:30 Feudal Age
17:24 Wheelbarrow
20:29 Town Watch
23:09 Man-at-Arms
25:37 Scale Mail Armor
25:48 Forging
31:52 Horse Collar
35:02 Castle Age
35:50 Long Swordsman
36:49 Chain Mail Armor
37:10 Iron Casting
37:27 Squires
36:48 Pikeman
38:01 Heavy Plow
39:22 Masonry
42:01 Stone Mining
42:03 Gold Mining
42:55 Hand Cart
43:30 Caravan
46:41 Gold Shaft Mining
47:15 Town Patrol
48:37 Ballistas
49:54 Double-Bit Axe
57:23 Imperial Age
59:20 Comitatenses
60:21 Halberdier
62:17 Legionary
66:57 Heavy Scorpion
67:07 Heavy Scorpion
neo-tochtli
2:21 Loom
12:07 Feudal Age
12:59 Double-Bit Axe
12:56 Horse Collar
13:45 Gold Mining
15:41 Fishing Lines
21:49 Castle Age
21:33 Stone Mining
22:26 Wheelbarrow
21:56 Town Watch
22:44 Heavy Plow
23:06 Bow Saw
27:46 Hand Cart
30:02 Pikeman
31:16 Gillnets
35:26 Sanctity
34:45 Man-at-Arms
34:50 Elite Skirmisher
35:50 Fortified Wall
35:54 Masonry
36:43 Caravan
37:02 Forging
37:37 Thumb Ring
36:59 Long Swordsman
38:07 Ballistics
37:12 Crossbowman
37:41 Gambesons
37:20 Light Cavalry
38:05 Husbandry
39:52 Squires
39:43 Arson
43:18 Imperial Age
40:55 Town Patrol
41:34 Iron Casting
40:50 Fletching
41:39 Medical Corps
45:23 Blast Furnace
44:18 Bodkin Arrow
44:08 Two-Handed Swordsman
44:15 Halberdier
45:22 Wootz Steel
46:36 Chemistry
45:34 Murder Holes
46:00 Champion
46:04 Arbalester
46:12 Siege Elephant
51:38 Hoardings
51:26 Conscription
51:08 Elite Elephant Archer
54:09 Bracer
54:10 Padded Archer Armor
54:16 Scale Barding Armor
57:31 Elite Urumi Swordsman
57:40 Elite Urumi Swordsman
58:36 Scale Mail Armor
58:58 Chain Barding Armor
58:54 Leather Archer Armor
66:16 Spies/Treason
32066588
0:32 Loom
13:25 Feudal Age
15:06 Horse Collar
18:02 Double-Bit Axe
20:45 Castle Age
34:32 Imperial Age
32:20 Heavy Plow
33:53 Gold Mining
33:55 Stone Mining
35:18 Double-Bit Axe
36:30 Bow Saw
36:56 Crop Rotation
37:50 Gold Shaft Mining
37:52 Stone Shaft Mining
40:33 Wheelbarrow
39:44 Town Watch
40:35 Conscription
40:27 Citadels
39:48 Crossbowman
40:33 Thumb Ring
41:45 Hand Cart
41:31 Town Patrol
42:18 Thumb Ring
42:09 Fletching
42:20 Padded Archer Armor
42:59 Kamandaran
45:11 Elite War Elephant
45:55 Bodkin Arrow
46:16 Leather Archer Armor
46:15 Squires
45:36 Pikeman
47:44 Forging
47:39 Scale Barding Armor
48:06 Ring Archer Armor
47:55 Husbandry
48:05 Bloodlines
47:18 Cavalier
50:30 Iron Casting
50:16 Chain Barding Armor
51:31 Caravan
52:04 Savar
55:13 Blast Furnace
54:48 Plate Barding Armor
Djgama17
0:35 Loom
Iran beats trump
13:57 Feudal Age
19:04 Castle Age
24:12 Loom
24:17 Double-Bit Axe
28:37 Horse Collar
32:02 Fortified Wall
32:25 Ballistics
32:00 Fletching
36:17 Wheelbarrow
41:06 Imperial Age
39:16 Wheelbarrow
38:46 Heavy Plow
39:01 Bow Saw
38:47 Gold Mining
38:52 Stone Mining
40:37 Hand Cart
40:09 Town Watch
48:49 Town Patrol
48:46 Bodkin Arrow
49:02 Forging
48:52 Scale Mail Armor
49:05 Redemption
49:06 Fervor
49:17 Sanctity
49:23 Illumination
49:14 Block Printing
49:36 Theocracy
49:05 Herbal Medicine
49:55 Crop Rotation
50:54 Gold Shaft Mining
51:00 Stone Shaft Mining
58:25 Iron Casting
58:06 Chain Mail Armor
59:00 Chemistry
57:57 Murder Holes
57:43 Treadmill Crane
59:56 Elite Jaguar Warrior
61:42 Blast Furnace
61:12 Plate Mail Armor
60:46 Squires
60:33 Gambesons
60:10 Eagle Warrior
61:58 Garland Wars
62:33 Elite Eagle Warrior
Shutokayte
1:43 Loom
13:06 Feudal Age
13:32 Double-Bit Axe
14:45 Horse Collar
20:09 Stone Mining
23:26 Castle Age
26:16 Wheelbarrow
26:59 Heavy Plow
27:12 Bow Saw
27:49 Wheelbarrow
27:21 Fletching
27:37 Padded Archer Armor
27:48 Forging
27:43 Scale Barding Armor
27:39 Gold Mining
30:23 Caravan
33:22 Imperial Age
30:40 Fishing Lines
31:36 Bodkin Arrow
31:56 Leather Archer Armor
33:25 Ballistics
33:12 Gillnets
33:24 Gillnets
33:30 Heavy Camel Rider
34:15 Husbandry
35:22 Chemistry
35:52 Bracer
36:47 Stone Shaft Mining
37:16 Fortified Wall
37:31 Chain Barding Armor
37:46 Iron Casting
40:42 Gold Shaft Mining
41:48 Bloodlines
41:00 Elite Mangudai
42:12 Conscription
46:03 Blast Furnace
46:07 Siege Engineers
48:54 Hand Cart
50:22 Elite Steppe Lancer
renatomuzzi
1:26 Loom
15:15 Feudal Age
15:42 Double-Bit Axe
15:47 Town Watch
16:38 Wheelbarrow
20:14 Gold Mining
23:34 Horse Collar
24:00 Stone Mining
31:12 Castle Age
29:06 Arson
30:08 Padded Archer Armor
29:59 Fletching
30:11 Scale Mail Armor
30:17 Scale Barding Armor
30:24 Forging
32:28 Pikeman
33:10 Squires
32:34 Crossbowman
36:40 Bow Saw
40:56 Imperial Age
39:15 Thumb Ring
40:39 Leather Archer Armor
40:20 Bodkin Arrow
41:01 Iron Casting
40:41 Chain Mail Armor
40:55 Fishing Lines
41:20 Husbandry
41:59 Gold Shaft Mining
42:06 Conscription
42:30 Arbalester
44:13 Blast Furnace
43:21 Gillnets
45:57 Chemistry
45:08 Fortified Wall
44:38 Cavalier
45:52 Ring Archer Armor
45:39 Chain Mail Armor
46:34 Chain Barding Armor
47:18 Town Patrol
47:44 Hand Cart
47:18 Halberdier
Connection lost

Rejoining the realm…

Still unreachable

The connection could not be restored.

Session expired

The server has moved on; the page needs a fresh start.